AoeStats
← TigerGecko

Hideout

503708147Analyzed
4v4 RM · 1mo ago on Sep 1, 2026· 52m 23s· 8 players
Game mode
Random Map
Map size
Large (8 player)
Population
200
Speed
Normal
Resources
Standard
Victory
Conquest
Starting age
Dark Age
Ending age
Imperial Age
RankedLock teamsTeams togetherTeam positionsShared explorationLock speedFull tech treeHidden civsTurbo modeCheats
Victory
Defeat
🇨🇳 Goths · China
1531
+12
🇺🇸 Dravidians · United States
1471
+14
🇲🇽 Tatars · Mexico
1458
+15
🇺🇾 Celts · Uruguay
1441
+16
🇹🇼 Magyars · Taiwan
1514
-18
🇦🇷 Chinese · Argentina
1439
-14
🇩🇪 Mongols · Germany
1410
-13
🇨🇱 Saracens · Chile
1385
-12
OzoneMX2022
10:04 Feudal Age
15:04 Castle Age
13:50 Double-Bit Axe
13:58 Fletching
16:08 Bow Saw
16:12 Gold Mining
20:47 Padded Archer Armor
21:42 Husbandry
23:14 Bloodlines
23:53 Bodkin Arrow
29:29 Wheelbarrow
28:40 Loom
28:41 Town Watch
32:34 Ballistics
32:59 Gold Shaft Mining
32:45 Hand Cart
38:19 Imperial Age
36:29 Leather Archer Armor
38:24 Heavy Cavalry Archer
39:17 Bracer
40:20 Ring Archer Armor
40:52 Chemistry
41:18 Silk Armor
44:15 Coinage
46:11 Scale Barding Armor
48:56 Elite Keshik
49:57 Chain Barding Armor
52:06 Plate Barding Armor
52:55 Forging
The Bloody-Nine
7:02 Loom
9:12 Feudal Age
10:02 Double-Bit Axe
12:46 Fletching
12:56 Horse Collar
15:48 Padded Archer Armor
21:42 Wheelbarrow
23:32 Castle Age
23:33 Gold Mining
23:37 Crossbowman
24:21 Bodkin Arrow
27:55 Bow Saw
32:16 Stone Mining
33:27 Wheelbarrow
32:37 Town Watch
34:12 Ballistics
38:41 Imperial Age
38:01 Heavy Plow
39:15 Hand Cart
40:30 Chemistry
39:17 Heavy Scorpion
39:45 Onager
45:54 Siege Onager
47:43 Bracer
49:02 Masonry
49:34 Scale Mail Armor
49:37 Siege Elephant
51:38 Leather Archer Armor
hchxie
6:12 Loom
8:42 Feudal Age
10:36 Man-at-Arms
18:18 Horse Collar
18:27 Double-Bit Axe
25:02 Castle Age
24:18 Gold Mining
26:17 Fletching
27:11 Scale Mail Armor
30:53 Wheelbarrow
34:49 Imperial Age
33:01 Squires
33:22 Chain Mail Armor
33:58 Bow Saw
33:54 Heavy Plow
34:23 Forging
34:19 Stone Mining
37:52 Two-Man Saw
37:38 Iron Casting
38:11 Elite Huskarl
39:41 Anarchy
41:15 Stone Shaft Mining
41:09 Hand Cart
42:56 Blast Furnace
43:42 Perfusion
44:02 Conscription
[LdS]Nestoter
2:36 Loom
9:14 Feudal Age
9:42 Town Watch
9:46 Horse Collar
10:39 Arson
12:24 Wheelbarrow
11:45 Man-at-Arms
13:50 Double-Bit Axe
14:30 Scale Mail Armor
23:55 Castle Age
22:32 Forging
23:58 Pikeman
24:23 Gambesons
25:08 Bow Saw
26:07 Chain Mail Armor
25:14 Long Swordsman
39:13 Hand Cart
41:43 Imperial Age
39:33 Hand Cart
40:30 Iron Casting
41:09 Padded Archer Armor
40:59 Fletching
41:20 Town Patrol
41:31 Heavy Plow
41:46 Halberdier
42:57 Plate Mail Armor
43:27 Blast Furnace
42:29 Elite Skirmisher
43:05 Bodkin Arrow
43:26 Leather Archer Armor
43:05 Two-Handed Swordsman
44:33 Stone Mining
44:33 Gold Mining
45:11 Champion
48:04 Capped Ram
49:58 Ballistics
51:27 Ring Archer Armor
TigerGecko
9:30 Feudal Age
10:27 Horse Collar
13:13 Castle Age
11:22 Double-Bit Axe
16:57 Loom
19:55 Scale Barding Armor
24:27 Wheelbarrow
23:57 Heavy Plow
25:56 Town Watch
28:41 Fletching
29:50 Bow Saw
30:34 Hand Cart
31:17 Bloodlines
31:08 Husbandry
31:26 Bodkin Arrow
31:31 Padded Archer Armor
35:43 Imperial Age
34:13 Padded Archer Armor
35:23 Leather Archer Armor
35:15 Thumb Ring
35:43 Elite Mangudai
36:24 Bracer
36:51 Ballistics
37:32 Chemistry
38:31 Conscription
39:11 Masonry
39:06 Siege Engineers
40:07 Chain Barding Armor
39:57 Forging
40:57 Capped Ram
43:01 Drill
42:24 Light Cavalry
43:54 Hussar
44:12 Heavy Scorpion
46:24 Iron Casting
50:05 Nomads
[BadStart] The Shadow
0:26 Loom
10:20 Feudal Age
14:22 Castle Age
12:27 Double-Bit Axe
13:04 Horse Collar
14:04 Bloodlines
15:29 Bow Saw
16:19 Scale Barding Armor
18:57 Husbandry
23:16 Gold Mining
25:05 Chain Barding Armor
31:09 Forging
35:27 Wheelbarrow
38:56 Hand Cart
39:21 Town Watch
43:32 Imperial Age
41:26 Ballistics
42:27 Light Cavalry
43:45 Iron Casting
44:49 Plate Barding Armor
45:21 Chemistry
43:44 Heavy Rocket Cart
45:04 Heavy Scorpion
47:19 Blast Furnace
47:28 Two-Man Saw
48:59 Rocketry
49:39 Conscription
Manu CL
6:25 Loom
8:56 Feudal Age
9:40 Double-Bit Axe
13:14 Fletching
17:37 Padded Archer Armor
20:36 Wheelbarrow
23:48 Castle Age
22:12 Gold Mining
23:50 Crossbowman
24:29 Bodkin Arrow
25:08 Bow Saw
25:40 Leather Archer Armor
27:31 Ballistics
28:05 Town Watch
36:05 Imperial Age
36:50 Thumb Ring
37:41 Bracer
40:36 Ring Archer Armor
41:34 Chemistry
41:10 Arbalester
44:49 Scale Barding Armor
45:31 Forging
45:30 Husbandry
45:42 Bloodlines
45:16 Light Cavalry
46:36 Chain Barding Armor
52:03 Plate Barding Armor
elmor
10:13 Feudal Age
9:22 Loom
11:27 Double-Bit Axe
17:25 Fletching
21:50 Castle Age
21:07 Padded Archer Armor
21:56 Crossbowman
27:34 Bodkin Arrow
31:36 Leather Archer Armor
39:16 Wheelbarrow
43:10 Imperial Age
42:00 Hand Cart
41:56 Thumb Ring
44:44 Gold Mining
45:08 Bracer
46:41 Light Cavalry
47:32 Bloodlines
47:24 Husbandry
47:35 Scale Barding Armor
47:51 Hussar
48:56 Chain Barding Armor
Connection lost

Rejoining the realm…

Still unreachable

The connection could not be restored.

Session expired

The server has moved on; the page needs a fresh start.